 Dungeon Crawl Stone Soup version 0.26.0-3-g156281e41b (webtiles) character file.

Game seed: 1118138739274778596

135 Drevant2 the Digger (level 4, -2/33 HPs)
             Began as a Draconian Earth Elementalist on Jan 9, 2021.
             Killed from afar by an orc wizard (4 damage)
             ... with a magic dart
             ... on level 3 of the Dungeon.
             The game lasted 00:05:23 (2245 turns).

Drevant2 the Digger (Draconian Earth Elementalist)  Turns: 2245, Time: 00:05:25

Health: -2/33      AC:  7    Str: 10    XL:     4   Next: 96%
Magic:  5/7        EV: 12    Int: 16    God:
Gold:   89         SH:  0    Dex: 12    Spells: 3/7 levels left

rFire    . . .     SeeInvis .   (no weapon)
rCold    . . .     Faith    .   (no shield)
rNeg     . . .     Spirit   .   (armour unavailable)
rPois    .         Reflect  .   (helmet restricted)
rElec    .         Harm     .   (no cloak)
rCorr    .         Rampage  .   (no gloves)
Will     .....                  h - +1 pair of boots
Stlth    ++........             (no amulet)
HPRegen  0.11/turn              (no ring)
MPRegen  0.10/turn              (no ring)

@: no status effects
A: unfitting armour, cold-blooded, AC +5
a: no special abilities


You were on level 3 of the Dungeon.
You visited 1 branch of the dungeon, and saw 3 of its levels.

You collected 89 gold pieces.

Inventory:

Missiles
 b - 3 stones
Armour
 h - a +1 pair of boots (worn)
 k - a +2 robe of positive energy
Jewellery
 j - an uncursed ring of wizardry {unknown}
Scrolls
 c - 2 scrolls of remove curse {unknown}
 d - a scroll of identify {unknown}
 e - 2 scrolls of teleportation {unknown}
Potions
 a - a potion of resistance {unknown}
 f - 2 potions of lignification {unknown}
 g - 2 potions of experience {unknown}
 l - a potion of heal wounds {unknown}


   Skills:
 - Level 1.7 Dodging
 - Level 1.7 Stealth
 - Level 2.0 Spellcasting
 - Level 1.0 Transmutations
 + Level 5.7 Earth Magic


You had 3 spell levels left.
You knew the following spells:

 Your Spells              Type           Power        Failure   Level
a - Sandblast             Erth           38%          1%          1
b - Stone Arrow           Conj/Erth      20%          19%         3

Your spell library contained the following spells:

 Spells                   Type           Power        Failure   Level
 Passwall                 Tmut/Erth      10%          8%          2
 Petrify                  Tmut/Erth      12%          45%         4
 Lee's Rapid Deconstruct  Erth           9%           50%         5


Dungeon Overview and Level Annotations

Branches:
Dungeon (3/15)

Altars:
Cheibriados


Innate Abilities, Weirdness & Mutations

Your plain brown scales are hard. (AC +5)
You cannot fit into any form of body armour.
You are cold-blooded and may be slowed by cold attacks.


Message History

You hit something but do no damage.
You hear some strange, mumbled words.
A magic dart appears from out of thin air!
The magic dart hits you!
* * * LOW HITPOINT WARNING * * *
Casting: Sandblast (safe; 1% risk of failure)
Confirm with . or Enter, or press ? or * to list all spells.
You can't see any susceptible monsters within range! (Use Z to cast anyway.)
Casting: Sandblast (safe; 1% risk of failure)
Confirm with . or Enter, or press ? or * to list all spells.
You don't know that spell.
Casting: Sandblast (safe; 1% risk of failure)
Confirm with . or Enter, or press ? or * to list all spells.
Aiming: Sandblast (safe; 1% risk of failure)
Press: ? - help, Shift-Dir - straight line The blast of sand hits something!
You hear some strange, mumbled words.
A magic dart appears from out of thin air!
The magic dart hits you.
You die...

# . .########## .$.......#
############# ###........#
#............ #....†.....#
#............ # #.#...).....
#............
...#.#..##########............
#.........{@..##............
####....#.###.#......)).....
#...#....#.#.............
#........#.#............)
#..#######.#..^..........
#...)......#.............
#######..(...............
#.################# ...#


There were no monsters in sight!

Vanquished Creatures
  Natasha (D:2)
  An orc wizard (D:3)
  3 adders
  A worm (D:2)
  3 dart slugs
  A leopard gecko (D:2)
  2 orcs (D:3)
  A ball python (D:1)
  3 giant cockroaches
  7 goblins
  7 hobgoblins
  8 kobolds
  A quokka (D:2)
  4 bats
  4 rats
47 creatures vanquished.

Notes
Turn   | Place    | Note
-------+----------+-------------------------------------------
     0 | D:1      | Drevant2 the Draconian Earth Elementalist began the quest
                  | for the Orb.
     0 | D:1      | Reached XP level 1. HP: 14/14 MP: 3/3
   254 | D:1      | Found a snail-covered altar of Cheibriados.
   417 | D:1      | Reached XP level 2. HP: 12/20 MP: 1/5
   839 | D:1      | Reached skill level 4 in Earth Magic
  1289 | D:2      | Reached XP level 3. HP: 26/26 MP: 3/6
  1527 | D:2      | Noticed Natasha
  1569 | D:2      | Learned a level 3 spell: Stone Arrow
  1576 | D:2      | Killed Natasha
  1577 | D:2      | Reached XP level 4. HP: 31/33 MP: 4/7
  1638 | D:2      | Reached skill level 5 in Earth Magic
  2238 | D:3      | HP: 1/33 [something (4)]
  2245 | D:3      | Killed from afar by an orc wizard

Illustrated notes

Levels and vault maps discovered:
D:1:      tarquinn_simple_flora_water_a, layout_basic, cheibriados_altar_1
D:2:      layout_basic, hangedman_abyss_or_decor_stabs, uniq_natasha
D:3:      layout_basic, chequers_ecumenical_altar_twisty, serial_bayou_lagoon_a

Skill      XL: |  1  2  3  4 |
---------------+-------------+-----
Earth Magic    | 4 5 |  5.7
Dodging        | |  1.7
Stealth        | |  1.7
Spellcasting   | |  2.0
Transmutations | |  1.0

Action                   |  1- 3 |  4- 6 || total
-------------------------+-------+-------++-------
Melee: Unarmed           |     7 |    19 ||    26
       Tailslap          |       |     3 ||     3
 Cast: Sandblast         |    39 |    28 ||    67
  Use: Potion            |       |     2 ||     2
Armor: Skin              |     8 |     9 ||    17
Dodge: Dodged            |    16 |     4 ||    20
